 Dungeon Crawl Stone Soup version 0.30-a0-1075-gcd70e7a56d (webtiles) character file.

Game seed: 4354329032686423711

19 Maxmaps the Insei (level 2, -1/24 HPs)
             Began as a Demonspawn Monk on Apr 14, 2023.
             Slain by Sigmund
             ... wielding a +4 heavy scythe
              (10 damage)
             ... on level 2 of the Dungeon.
             The game lasted 00:01:29 (891 turns).

Maxmaps the Insei (Demonspawn Monk)                  Turns: 891, Time: 00:01:29

Health: -1/24      AC:  4    Str: 11    XL:     2   Next: 55%
Magic:  2/2        EV: 12    Int: 11    God:
Gold:   24         SH:  0    Dex: 15    Spells: 1/1 levels left

rFire   . . .      SeeInvis .      - Unarmed
rCold   + . .      Faith    .    c - orb {light}
rNeg    . . .      Spirit   .    i - +1 leather armour {rC+}
rPois   .          Reflect  .    (no helmet)
rElec   .          Rampage  .    (no cloak)
rCorr   .                        (no gloves)
Will    .....                    (no boots)
Stlth   +                        (no amulet)
HPRegen 0.24/turn                (no ring)
MPRegen 0.08/turn                (no ring)

@: glowing
A: demonic magic 1
a: no special abilities


You were on level 2 of the Dungeon.
You visited 1 branch of the dungeon, and saw 2 of its levels.

You collected 24 gold pieces.

Inventory:

Armour
 a - a +0 robe
 c - an orb of light (worn)
 d - a +0 ring mail
 i - a +1 leather armour of cold resistance (worn)
Scrolls
 f - a scroll of poison {unknown}
 g - a scroll of amnesia {unknown}
 h - a scroll of noise {unknown}
 j - a scroll of teleportation {unknown}
Potions
 b - a potion of ambrosia
 e - 2 potions of curing


   Skills:
 - Level 3.0 Fighting
 - Level 2.6 Dodging
 - Level 1.7 Stealth
 + Level 3.6 Unarmed Combat


You had one spell level left.
You didn't know any spells.
Your spell library was empty.

Dungeon Overview and Level Annotations

Branches:
Dungeon (2/15)

Altars:

Shops:
D:1 (

Annotations:
D:2 Sigmund


Innate Abilities, Weirdness & Mutations

Spells you cast may paralyse adjacent enemies.


Message History

No target in view!
No target in view!
No target in view!
Done exploring.
Done exploring.
No target in view!
Done exploring.
No target in view!
Done exploring.
No target in view!
Done exploring.
No target in view!
Done exploring.
Done exploring.
(D) Dungeon
Where to? (? - help)
What level of the Dungeon? (default 1, ? - help)
There is a large open door here.
You see here a +0 club.
There is a large open door here.
There is an open door here.
There is an escape hatch in the floor here.
There is a stone staircase leading down here.
You climb downwards.
There is a stone staircase leading up here.
Found a stone staircase leading down.
Sigmund the Dreaded comes into view.
He is wielding a +4 heavy scythe.
Sigmund shouts!
Sigmund drinks a potion.
Sigmund seems to speed up.
Sigmund is nearby!
You hit Sigmund but do no damage.
Sigmund points at you and mumbles some strange words.
You are confused.
Unknown command.
It was a potion of curing.
You feel better.
Sigmund hits you with a +4 heavy scythe!
Ouch! That really hurt!
Sigmund attacks as you move away!
Sigmund hits you with a +4 heavy scythe!
You die...

......>
########
#...#.# #
.......#
#...#.# .8
######.#
#...#.# ##.
##...#.#
#...#.# ...
...#.#.#
#...#.###.##.#.
####.#.#
#...#.#.@......
#.#.###...#.#@#
#.#.........#.#
#.#####.#####.#
#.# #.......#
#.# #########
####.# .....#
###### ######


You could see Sigmund (fast).

Vanquished Creatures
  A dart slug (D:1)
  A giant cockroach (D:1)
  A goblin (D:1)
  A kobold (D:1)
  2 quokkas (D:1)
  6 ball pythons (D:1)
  3 bats (D:1)
  2 frilled lizards (D:1)
  A rat (D:1)
18 creatures vanquished.

Notes
Turn   | Place    | Note
-------+----------+-------------------------------------------
     0 | D:1      | Maxmaps the Demonspawn Monk began the quest for the Orb.
     0 | D:1      | Reached XP level 1. HP: 18/18 MP: 1/1
   185 | D:1      | Found Celleshra's Weapon Boutique.
   248 | D:1      | Gained mutation: Spells you cast may paralyse adjacent
                  | enemies. [demonic ancestry]
   248 | D:1      | Reached XP level 2. HP: 23/24 MP: 2/2
   887 | D:2      | Noticed Sigmund
   891 | D:2      | Slain by Sigmund

Illustrated notes

Levels and vault maps discovered:
D:1:      dpeg_arrival_concentric_ovals, layout_basic, serial_shops,
          nicolae_shop_statue_plus
D:2:      layout_basic, serial_corexii_hall, corexii_hall_statues_x,
          chequers_hall_statues_corner_a, basic_altar, uniq_terence,
          uniq_sigmund

Skill      XL: |  1 |
---------------+----+-----
Unarmed Combat | 3 |  3.6
Fighting       | |  3.0
Dodging        | |  2.6
Stealth        | |  1.7

Action                     || total
---------------------------++-------
  Melee: Unarmed           ||    55
    Use: Potion            ||     1
 Armour: Ring mail         ||    27
  Dodge: Dodged            ||    39

Table legend: (Time is in decaauts)
 A = Elapsed time spent in this place.
 B = Non-inter-level travel time spent in this place.
 C = Inter-level travel time spent in this place.
 D = Time resting spent in this place.
 E = Time spent auto-exploring this place.
 F = Levels seen in this place.
 G = Mean time per level.
                   A        B        C        D        E       F      G
               +--------+--------+--------+--------+--------+-----+--------+
         Total |    888 |    850 |     38 |      0 |    685 |   2 |  444.0 |
       Dungeon |    888 |    850 |     38 |      0 |    685 |   2 |  444.0 |
               +--------+--------+--------+--------+--------+-----+--------+

Top non-repeatable levels by time:
     D:1: 820 daAuts
     D:2: 67 daAuts
